 Dungeon Crawl Stone Soup version 0.31.0-11-ge490571c62 (webtiles) character file.

Game seed: 13371336462015296271

29952 greynaab the Fighter (level 13, 0/87 HPs)
             Began as a Gargoyle Air Elementalist on Jan 31, 2024.
             Was a High Priest of Makhleb.
             Killed from afar by a kobold blastminer (39 damage)
             ... with an iron shot
             ... on level 1 of the Orcish Mines.
             The game lasted 01:02:28 (16555 turns).

greynaab the Fighter (Gargoyle Air Elementalist)   Turns: 16555, Time: 01:02:28

Health: 0/87       AC: 17    Str: 16    XL:     13   Next: 48%
Magic:  20/20      EV: 16    Int: 17    God:    Makhleb [*****.]
Gold:   748        SH:  5    Dex: 10    Spells: 10/16 levels left

rFire   . . .        b - +2 war axe (vamp)
rCold   . . .        F - +0 buckler
rNeg    + . .        D - +0 steam dragon scales
rPois   ∞            o - +1 helmet
rElec   +            (no cloak)
rCorr   .            e - +0 pair of gloves
SInv    .            (no boots)
Will    +....        f - amulet of faith
Stlth   ++           I - ring of willpower
HPRegen 0.34/turn    Q - +5 ring of evasion
MPRegen 0.17/turn

%: faith
@: no status effects
A: sickness immunity, AC +9, negative energy resistance 1, electricity
resistance, torment resistance 1, petrification resistance
a: Renounce Religion, Minor Destruction, Lesser Servant of Makhleb, Major
Destruction, Greater Servant of Makhleb


You were on level 1 of the Orcish Mines.
You worshipped Makhleb.
Makhleb was extremely pleased with you.
You visited 3 branches of the dungeon, and saw 16 of its levels.

You collected 1398 gold pieces.
You spent 650 gold pieces at shops.

Inventory:

Hand Weapons
 a - a +3 trident
 b - a +2 vampiric war axe (weapon)
 w - a +5 morningstar of freezing
 J - the +7 rapier of Incongruity {holy, rF- rN+ Dex+4}
   (You found it on level 3 of the Dungeon)

   Dex+4:     It affects your dexterity (+4).
   rF-:       It makes you vulnerable to fire.
   rN+:       It protects you from negative energy.
Missiles
 d - 5 curare-tipped darts
 C - 2 throwing nets
 G - 74 poisoned darts
 H - 4 javelins
 L - 3 boomerangs
Armour
 e - a +0 pair of gloves (worn)
 o - a +1 helmet (worn)
 D - +0 steam dragon scales (worn)
 F - a +0 buckler (worn)
Jewellery
 f - an amulet of faith (around neck)
 q - a ring of protection from cold
 E - a ring of resist corrosion
 I - a ring of willpower (left hand)
 Q - a +5 ring of evasion (right hand)
 S - a ring of fire
 T - the ring of the Sky {Fly Str+3 Dex-5 SInv}
   (You found it on level 9 of the Dungeon)

   [ring of see invisible]

   Str+3:     It affects your strength (+3).
   Dex-5:     It affects your dexterity (-5).
   SInv:      It lets you see invisible.
   Fly:       It grants you flight.
Wands
 c - a wand of light (16)
 k - a wand of flame (3)
 n - a wand of polymorph (15)
 z - a wand of mindburst (1)
 B - a wand of roots (5)
Scrolls
 h - a scroll of vulnerability
 p - 3 scrolls of noise
 x - 5 scrolls of revelation
 y - a scroll of torment
 A - 2 scrolls of fear
 M - 2 scrolls of enchant armour {unknown}
 N - 3 scrolls of blinking {unknown}
 O - a scroll of fog
 V - a scroll of teleportation
 X - a scroll of immolation {unknown}
 Y - a scroll of silence
Potions
 g - a potion of curing
 i - 4 potions of brilliance
 j - 2 potions of might {unknown}
 l - a potion of mutation
 m - 2 potions of ambrosia
 r - a potion of haste
 s - a potion of attraction {unknown}
 t - 3 potions of magic
 u - a potion of lignification
 v - 4 potions of heal wounds {unknown}
 P - a potion of invisibility {unknown}
 R - a potion of berserk rage {unknown}
 U - 2 potions of resistance {unknown}
 Z - a potion of enlightenment {unknown}


   Skills:
 + Level 12.7 Fighting
 * Level 11.8(12.7) Axes
 - Level 5.2(9.8) Maces & Flails
 - Level 5.4(9.4) Polearms
 - Level 1.5 Dodging
 - Level 2.1 Stealth
 - Level 6.0 Shields
 - Level 2.0 Spellcasting
 - Level 1.1 Conjurations
 - Level 4.0 Translocations
 - Level 4.0 Air Magic
 - Level 10.0 Invocations


You had 10 spell levels left.
You knew the following spells:

 Your Spells              Type           Power      Damage    Failure   Level
a - Shock                 Conj/Air       40%        1d5       9%          1
c - Blink                 Tloc           30%        N/A       7%          2
q - Swiftness             Air            15%        N/A       14%         3

Your spell library contained the following spells:

 Spells                   Type           Power      Damage    Failure   Level
 Static Discharge         Conj/Air       20%        3-4/arc   13%         2
 Magic Dart               Conj           20%        1d4       16%         1
 Necrotise                Necr           4%         1d4       24%         1
 Slow                     Hex            4%         N/A       24%         1
 Volatile Blastmotes      Fire/Tloc      16%        2d11      32%         3
 Call Imp                 Summ           2%         N/A       36%         2
 Ensorcelled Hibernation  Hex/Ice        2%         N/A       36%         2
 Scorch                   Fire           2%         2d5       36%         2
 Airstrike                Air            7%         2d(2-18)  43%         4
 Passage of Golubria      Tloc           15%        N/A       43%         4
 Dazzling Flash           Conj/Hex       6%         N/A       52%         3
 Confusing Touch          Hex            1%         N/A       58%         3
 Fugue of the Fallen      Necr           1%         N/A       58%         3
 Sigil of Binding         Hex            1%         N/A       58%         3
 Tukima's Dance           Hex            1%         N/A       58%         3
 Vampiric Draining        Necr           1%         2d6       58%         3
 Iskenderun's Mystic Bla  Conj/Tloc      10%        2d4       65%         4
 Flame Wave               Conj/Fire      3%         2d5       89%         4
 Fulminant Prism          Conj/Alch      1%         3d5       89%         4
 Anguish                  Hex/Necr       0%         N/A       94%         4
 Cause Fear               Hex            0%         N/A       94%         4
 Martyr's Knell           Necr/Summ      1%         N/A       94%         4
 Fireball                 Conj/Fire      1%         3d3       99%         5
 Curse of Agony           Necr           1%         N/A       100%        5
 Yara's Violent Unravell  Hex/Alch       0%         3d3       100%        5
 Starburst                Conj/Fire      1%         6d3       100%        6
 Summon Cactus Giant      Summ           0%         N/A       100%        6
 Maxwell's Capacitive Co  Air            7%         ∞         100%        8
 Dragon's Call            Summ           0%         N/A       100%        9


Dungeon Overview and Level Annotations

Branches:
Dungeon (11/15) Zot: 25720  Temple (0/1) D:6            Lair (3/5) D:10 Zot: 14348
  Swamp (0/4) Lair:3        Snake (0/4) Lair:3          Orc (2/2) D:11 Zot: 11313
    Elf (0/3) Orc:2

Altars:
Elyvilon
Gozag
Makhleb
Okawaru
Qazlal
Ru
Sif Muna
Uskayaw
Xom
Yredelemnul

Shops:
D:4 =   D:8 (

Annotations:
D:4 3 runed translucent doors, Arctor's ghost, amateur DEEE
D:9 1 runed translucent door
D:11 exclusion: obsidian statue
Lair:3 Nergalle


Innate Abilities, Weirdness & Mutations

You are immune to sickness and miasma.
Your stone body is resilient. (AC +9)
You are immune to poison.
You resist negative energy. (rN+)
You are resistant to electric shocks. (rElec)
You are resistant to unholy torment.
You are immune to petrification.


Message History

The iron shot hits the kobold blastminer!!
The kobold blastminer unwields a +0 arbalest.
The kobold blastminer hits you but does no damage.
The kobold blastminer shoots an arrow.
The arrow hits your ynoxinul.
You hit the kobold blastminer but do no damage.
The kobold blastminer unwields a +0 orcbow.
The kobold blastminer barely misses your ynoxinul.
The kobold blastminer hits you but does no damage.
Your ynoxinul gestures.
You closely miss the kobold blastminer.
Your ynoxinul hits the kobold blastminer.
The kobold blastminer blasts its cannon at your ynoxinul.
The iron shot hits your ynoxinul!!
Your ynoxinul dies!
Your ynoxinul disappears in a puff of smoke!
Your ufetubus disappears in a puff of smoke! x3
The kobold blastminer is knocked back by the blast.
The kobold blastminer blasts its cannon at you.
The iron shot hits you!
The kobold blastminer shouts!
You slash the kobold blastminer!
The kobold blastminer is moderately wounded.
You barely miss the kobold blastminer.
The kobold blastminer is moderately wounded.
The kobold blastminer completely misses you.
You completely miss the kobold blastminer.
The kobold blastminer is moderately wounded.
The kobold blastminer hits you.
The kobold blastminer wields a +0 orcbow.
The kobold blastminer shoots an arrow.
The arrow hits you!
You hit the kobold blastminer.
The kobold blastminer is moderately wounded.
The kobold blastminer hits you but does no damage.
The kobold blastminer blasts its cannon at you.
The iron shot hits you!
You slash the kobold blastminer!
The kobold blastminer is heavily wounded.
The kobold blastminer blasts its cannon at you.
The iron shot hits you!!!
You die...

..##..##..#.##
.^...........#
.......>.....#
.............###
...#........##.##
..#.#.......#...
.......#.......##
........#.....#.## ..
..###..##.......@#...
.......#...#.....K..$#
.................K....#
#.#....#...#..##.....##
##.....##.....#......#
#............###.##.##
....#...#....# ### ##
#......####.## ##.....#
###


You could see 2 kobold blastminers.

Vanquished Creatures
  2 two-headed ogres
  2 skysharks
  A deep elf pyromancer (D:11)
  An elephant (Lair:3)
  A black mamba (Lair:2)
  3 kobold blastminers (Orc:1)
  Maggie (D:6)
  An unseen horror (D:11)
  6 cane toads
  2 rime drakes
  4 komodo dragons
  A troll (D:11)
  2 polar bears
  Prince Ribbit (D:7)
  19 blink frogs
  A vampire (D:10)
  A wraith (D:5)
  4 wyverns
  Eustachio (D:4)
  21 yaks
  2 basilisks
  2 steam dragons
  Menkaure (D:6)
  A naga (Lair:3)
  9 water moccasins
  A swamp drake (Lair:3)
  2 orc warriors
  A sky beast (D:7)
  2 laughing skulls (D:11)
  2 ogres
  18 wolves
  4 centaurs
  A phantom (D:6)
  9 kobold brigands
  5 bullfrogs
  A gnoll sergeant (D:9)
  3 scorpions
  9 wights
  5 killer bees (D:8)
  3 vampire bats (D:9)
  2 howler monkeys
  4 hounds
  6 jellies
  7 orc priests
  A sleepcap (D:5)
  Jessica (D:2)
  8 iguanas
  7 orc wizards
  4 hell rats (Lair:3)
  6 adders
  2 shadow imps
  2 ufetubi (D:6)
  A dart slug (D:1)
  A ribbon worm (D:5)
  30 orcs
  14 bats
  10 endoplasms
  3 giant cockroaches
  6 goblins
  8 hobgoblins
  2 quokkas
  5 ball pythons
  A frilled lizard (D:1)
  47 kobolds
  5 rats
339 creatures vanquished.

Vanquished Creatures (collateral kills)
  A boulder beetle (Lair:2)
  2 two-headed ogres
  A swamp dragon (Lair:3)
  4 elephants (Lair:3)
  A kobold blastminer (Orc:1)
  A black mamba (Lair:1)
  2 trolls
  A polar bear (Lair:3)
  A blink frog (Lair:3)
  2 yaks (Lair:1)
  A naga (Lair:3)
  2 orc warriors
  2 wolves (Lair:1)
  A bullfrog (Lair:3)
  2 orc priests
  2 hell rats (Lair:3)
  An orc (Orc:1)
27 creatures vanquished.

Grand Total: 366 creatures vanquished

Notes
Turn   | Place    | Note
-------+----------+-------------------------------------------
     0 | D:1      | greynaab the Gargoyle Air Elementalist began the quest for
                  | the Orb.
     0 | D:1      | Reached XP level 1. HP: 10/10 MP: 3/3
   108 | D:1      | Reached skill level 1 in Fighting
   154 | D:1      | Found a faded altar of an unknown god.
   161 | D:1      | Reached XP level 2. HP: 16/16 MP: 5/5
   259 | D:1      | Reached skill level 1 in Polearms
   362 | D:1      | Reached skill level 2 in Fighting
   382 | D:1      | Reached XP level 3. HP: 21/21 MP: 6/6
   774 | D:2      | Noticed Jessica
  1045 | D:2      | Killed Jessica
  1046 | D:2      | Reached XP level 4. HP: 27/27 MP: 7/7
  1051 | D:2      | Reached skill level 3 in Fighting
  1917 | D:3      | Found a burning altar of Makhleb.
  1925 | D:3      | Became a worshipper of Makhleb the Destroyer
  2035 | D:3      | Identified the +7 rapier of Incongruity {holy, rF- rN+
                  | Dex+4}
  2124 | D:3      | Reached skill level 1 in Invocations
  2124 | D:3      | Reached XP level 5. HP: 32/32 MP: 8/8
  2820 | D:4      | Found Xylli's Jewellery Shop.
  2865 | D:4      | Noticed an ogre
  2871 | D:4      | Killed an ogre
  2872 | D:4      | Reached skill level 4 in Fighting
  2872 | D:4      | Reached XP level 6. HP: 38/38 MP: 9/9
  3014 | D:4      | Found a sacrificial altar of Ru.
  3191 | D:4      | Found a runed translucent gate.
  3191 | D:4      | Found a runed translucent gate.
  3191 | D:4      | Found a runed translucent gate.
  3192 | D:4      | Noticed Arctor's ghost (amateur DEEE)
  3235 | D:4      | Reached XP level 7. HP: 29/44 MP: 10/10
  3423 | D:4      | Found a stormy altar of Qazlal.
  3583 | D:4      | Noticed Eustachio
  3652 | D:5      | Entered Level 5 of the Dungeon
  3714 | D:5      | Reached skill level 5 in Fighting
  3769 | D:5      | Reached * piety under Makhleb
  4145 | D:5      | Found a white marble altar of Elyvilon.
  4313 | D:5      | Noticed a wraith
  4324 | D:5      | Killed a wraith
  4325 | D:5      | Reached XP level 8. HP: 42/51 MP: 11/11
  4564 | D:5      | Reached skill level 6 in Fighting
  5066 | D:6      | Reached skill level 5 in Invocations
  5072 | D:6      | Reached skill level 5 in Polearms
  5126 | D:6      | Noticed Maggie
  5139 | D:6      | Found a staircase to the Ecumenical Temple.
  5516 | D:6      | Killed Maggie
  5864 | D:6      | Found an opulent altar of Gozag.
  5864 | D:6      | Found a shimmering altar of Xom.
  5921 | D:6      | Found an iron altar of Okawaru.
  5925 | D:6      | Noticed Menkaure
  5939 | D:6      | Killed Menkaure
  5940 | D:6      | Reached skill level 7 in Fighting
  5940 | D:6      | Reached skill level 1 in Axes
  6332 | D:7      | Reached XP level 9. HP: 55/57 MP: 13/13
  7251 | D:7      | Noticed Prince Ribbit
  7309 | D:7      | Killed Prince Ribbit
  7309 | D:7      | Reached ** piety under Makhleb
  7521 | D:8      | Noticed a two-headed ogre
  7531 | D:8      | Killed a two-headed ogre
  7532 | D:8      | Reached skill level 8 in Fighting
  7532 | D:8      | Reached skill level 5 in Axes
  7725 | D:4      | Killed Eustachio
  7726 | D:4      | Reached XP level 10. HP: 61/65 MP: 15/15
  7766 | D:4      | Bought an amulet of faith for 400 gold pieces
  7904 | D:8      | Found a basalt altar of Yredelemnul.
  8039 | D:8      | Found a shimmering blue altar of Sif Muna.
  8432 | D:8      | Found Siqi's Weapon Boutique.
  8688 | D:9      | Reached *** piety under Makhleb
  8803 | D:9      | Reached skill level 9 in Fighting
  9266 | D:9      | Found a runed translucent door.
  9267 | D:9      | Noticed an eight-headed hydra
  9283 | D:9      | Noticed a two-headed ogre
  9294 | D:9      | Killed a two-headed ogre
  9390 | D:9      | Identified the ring of the Sky {Fly Str+3 Dex-5 SInv}
  9548 | D:9      | Found a hide-covered altar of Uskayaw.
  9767 | D:9      | Identified the +6 trident of the Median {freeze, *Slow
                  | Dex+5}
  9767 | D:9      | Noticed a deep elf zephyrmancer
  9806 | D:10     | Entered Level 10 of the Dungeon
 10058 | D:10     | Reached skill level 1 in Shields
 10120 | D:10     | Reached XP level 11. HP: 34/72 MP: 17/17
 10412 | D:10     | Found a staircase to the Lair.
 10673 | D:10     | Reached skill level 10 in Fighting
 10919 | D:11     | Found a staircase to the Orcish Mines.
 10938 | D:11     | Noticed a two-headed ogre
 10961 | D:11     | Killed a two-headed ogre
 10997 | D:11     | Noticed a two-headed ogre
 11014 | D:11     | Killed a two-headed ogre
 11321 | D:11     | Noticed an obsidian statue
 11507 | D:11     | Noticed a deep elf pyromancer
 11653 | Lair:1   | Entered Level 1 of the Lair of Beasts
 11935 | Lair:1   | Reached skill level 10 in Invocations
 12115 | Lair:1   | Reached skill level 1 in Maces & Flails
 12131 | Lair:1   | Reached **** piety under Makhleb
 12170 | Lair:1   | Reached XP level 12. HP: 79/79 MP: 19/19
 12287 | Lair:1   | Reached skill level 5 in Shields
 12320 | Lair:1   | Reached skill level 11 in Fighting
 12646 | Lair:1   | Reached skill level 5 in Maces & Flails
 12780 | Lair:1   | Learned a level 3 spell: Swiftness
 12979 | Lair:1   | Learned a level 2 spell: Blink
 13270 | Lair:2   | Reached ***** piety under Makhleb
 13378 | Lair:2   | Reached skill level 1 in Translocations
 13443 | Lair:2   | Noticed a skyshark
 13450 | Lair:2   | Killed a skyshark
 13451 | Lair:2   | Reached skill level 10 in Axes
 13857 | Lair:2   | Noticed a boulder beetle
 13896 | Lair:2   | Killed a boulder beetle
 14554 | Lair:3   | Noticed a skyshark
 14556 | Lair:3   | Reached skill level 12 in Fighting
 14557 | Lair:3   | Reached XP level 13. HP: 82/86 MP: 20/20
 15070 | Lair:3   | Found a staircase to the Swamp.
 15129 | Lair:3   | Found a staircase to the Snake Pit.
 15258 | Lair:3   | Noticed Nergalle
 15462 | D:4      | Bought a ring of willpower for 250 gold pieces
 15865 | Orc:1    | Entered Level 1 of the Orcish Mines
 16202 | Orc:2    | Entered Level 2 of the Orcish Mines
 16231 | Orc:2    | Found a staircase to the Elven Halls.
 16555 | Orc:1    | Killed from afar by a kobold blastminer

Illustrated notes

Levels and vault maps discovered:
D:1:      ncdulo_wetmaze, layout_basic,
          shapermc_ecumenical_altar_mp_ritualfount, hangedman_decor_points
D:2:      layout_basic, kennysheep_generic_room_14, uniq_jessica
D:3:      layout_basic, mainiacjoe_overflow_paths,
          chequers_serial_rivers_micro_b
D:4:      layout_loops_cross, mainiacjoe_overflow_cross_hatched,
          lemuel_crystal_altar, serial_shops, shop, ebering_ghost_rock_garden,
          uniq_eustachio
D:5:      layout_basic, elyvilon_altar_5
D:6:      layout_layer_cave, mainiacjoe_overflow_catwalk,
          nicolae_overflow_two_pavilions, minmay_temple_entry_statues,
          uniq_menkaure, uniq_maggie
D:7:      layout_cave_pools, uniq_prince_ribbit1
D:8:      layout_rooms, lemuel_crystal_altar,
          mainiacjoe_overflow_concentric_impassable, serial_shops,
          nicolae_shop_bloodbath_and_beyond, dk_noncrumbling_3
D:9:      layout_loops_ring, marbit_many_paths, minmay_variable_closet,
          roderic_batcave, minivault_13
D:10:     layout_irregular_city, minmay_lair_entry_grove
D:11:     layout_basic, orc_0_dummy, minmay_protected_statue
Lair:1:   layout_long_grid, lemuel_fruit_tree, grunt_megastairs_5,
          infiniplex_staircase_pool
Lair:2:   layout_roguey
Lair:3:   layout_cave_pods, mainiacjoe_swamp_entry_lozenge_pond,
          minmay_snake_entry_guardpost_small, uniq_nergalle
Orc:1:    layout_caves
Orc:2:    grunt_orc_cross, layout_caves, nicolae_orc_crystal_seam, mines1_david

Skill      XL: |  1  2  3  4  5  6  7  8  9 10 11 12 13 |
---------------+----------------------------------------+-----
Fighting       | 1 2 3 4 5 7 8 9 10 12 | 12.7
Polearms       | 1 2 3 4 5 |  5.4
Invocations    | 1 2 3 4 6 7 9 10 | 10.0
Axes           | 2 5 8 9 10 11 | 11.8
Shields        | 1 4 6 |  6.0
Maces & Flails | 3 5 |  5.2
Translocations | 3 4 |  4.0
Air Magic      | 3 4 |  4.0
Dodging        | |  1.5
Stealth        | |  2.1
Spellcasting   | |  2.0
Conjurations   | |  1.1

Action                     |  1- 3 |  4- 6 |  7- 9 | 10-12 | 13-15 || total
---------------------------+-------+-------+-------+-------+-------++-------
  Melee: Trident           |    77 |   144 |   308 |   331 |       ||   860
         Unarmed           |     2 |       |     2 |       |       ||     4
         Punch             |     1 |       |     3 |       |       ||     4
         Rapier            |       |       |     5 |    13 |       ||    18
         War axe           |       |       |       |   463 |   228 ||   691
         Morningstar       |       |       |       |    19 |       ||    19
  Throw: Dart              |       |       |    22 |       |       ||    22
         Throwing net      |       |       |     1 |       |       ||     1
   Cast: Shock             |     3 |       |       |       |       ||     3
         Swiftness         |       |       |       |     1 |     1 ||     2
 Invoke: Minor Destruction |       |       |    11 |   108 |     2 ||   121
         Lesser Servant of |       |       |       |    14 |     6 ||    20
         Major Destruction |       |       |       |     1 |       ||     1
  Evoke: Wand              |       |     5 |    12 |     9 |       ||    26
    Use: Scroll            |     2 |     6 |     8 |     5 |     3 ||    24
         Potion            |     1 |       |     3 |     3 |       ||     7
   Stab: Sleeping          |       |     1 |     3 |     1 |       ||     5
         Distracted        |       |       |     1 |     3 |     2 ||     6
         Held in net/web   |       |       |     1 |       |       ||     1
         Invisible         |       |       |     3 |     3 |       ||     6
 Armour: Ring mail         |    29 |    89 |    88 |       |       ||   206
         Robe              |     2 |       |       |       |       ||     2
         Skin              |    13 |     6 |       |       |       ||    19
         Swamp dragon scal |       |       |   101 |   467 |       ||   568
         Steam dragon scal |       |       |       |   158 |   147 ||   305
  Dodge: Dodged            |    40 |    43 |   120 |   655 |   166 ||  1024
  Block: Other             |       |       |    52 |       |       ||    52
         Reflection        |       |       |     2 |       |       ||     2
         Buckler           |       |       |       |   152 |    55 ||   207
